[Event "New York Summer GM-B 2022"]
[Site "New York"]
[Date "2022.07.12"]
[Round "9.1"]
[White "Jacobson, Aaron"]
[Black "Wang, Qibiao"]
[Result "1/2-1/2"]
[ECO "A17"]
[WhiteElo "2305"]
[BlackElo "2365"]
[Annotator "ChessBase"]
[PlyCount "37"]
[EventDate "2022.07.08"]
[EventType "tourn"]
[EventCountry "USA"]
[SourceTitle "playchess.com"]
[Source "ChessBase"]
[SourceQuality "1"]
[TimeControl "5400+30"]

1. Nf3 d5 2. e3 Nf6 3. c4 e6 4. Nc3 b6 5. b3 Bb7 6. Bb2 a6 7. cxd5 exd5 8. g3 d4 9. Nb1 dxe3 10. fxe3 Bd6 11. Bg2 O-O 12. O-O Nbd7 13. Qc2 h6 14. Nd4 Bxg2 15. Kxg2 Ne5 16. Nf5 Re8 17. Nc3 Bb4 18. Rad1 Qd3 19. Qxd3 1/2-1/2

[Event "New York Summer GM-B 2022"]
[Site "New York"]
[Date "2022.07.12"]
[Round "9.3"]
[White "Tiglon, Bryce"]
[Black "Lenderman, Aleksandr"]
[Result "1/2-1/2"]
[ECO "B06"]
[WhiteElo "2391"]
[BlackElo "2572"]
[Annotator "ChessBase"]
[PlyCount "45"]
[EventDate "2022.07.08"]
[EventType "tourn"]
[EventCountry "USA"]
[SourceTitle "playchess.com"]
[Source "ChessBase"]
[SourceQuality "1"]
[TimeControl "5400+30"]

1. e4 g6 2. d4 Bg7 3. Nc3 d6 4. Be3 a6 5. Nf3 b5 6. Bd3 Bb7 7. O-O Nd7 8. a4 b4 9. Ne2 Ngf6 10. e5 Nd5 11. e6 fxe6 12. Ng5 Nf8 13. c4 bxc3 14. bxc3 Qd7 15. c4 Nb4 16. Be4 Bxe4 17. Nxe4 Qc6 18. N2c3 Qxc4 19. Rc1 Nd3 20. Qe2 d5 21. Nxd5 Qxd5 22. Qxd3 Nd7 23. Rxc7 1/2-1/2

[Event "New York Summer GM-B 2022"]
[Site "New York"]
[Date "2022.07.11"]
[Round "9.5"]
[White "Shmeliov, Denis"]
[Black "Zeltsan, Joseph"]
[Result "1/2-1/2"]
[ECO "D38"]
[WhiteElo "2436"]
[BlackElo "2337"]
[Annotator "ChessBase"]
[PlyCount "51"]
[EventDate "2022.07.08"]
[EventType "tourn"]
[EventCountry "USA"]
[SourceTitle "playchess.com"]
[Source "ChessBase"]
[SourceQuality "1"]
[TimeControl "5400+30"]

1. d4 Nf6 2. c4 e6 3. Nf3 d5 4. Nc3 Bb4 5. cxd5 exd5 6. Bg5 h6 7. Bh4 O-O 8. e3 Bf5 9. Be2 Nbd7 10. Qb3 Qe7 11. a3 Bxc3+ 12. Qxc3 Qe6 13. O-O c6 14. Nd2 Rfe8 15. b4 Bg4 16. Bd3 g5 17. Bg3 Bf5 18. Rfc1 Bxd3 19. Qxd3 Rac8 20. b5 c5 21. dxc5 Nxc5 22. Qd4 b6 23. Rd1 Nfe4 24. Nxe4 dxe4 25. Qd6 Nd3 26. Be5 1/2-1/2